 Dungeon Crawl Stone Soup version 0.28-a0-43-g560ac104fe (webtiles) character file.

Game seed: 14298536097478329358

72 sanka the Magician (level 4, -4/31 HPs)
             Began as a Djinni Summoner on July 28, 2021.
             Slain by a gnoll sergeant (8 damage)
             ... on level 3 of the Dungeon.
             The game lasted 00:04:59 (3388 turns).

sanka the Magician (Djinni Summoner)                Turns: 3388, Time: 00:05:00

Health: -4/31      AC:  4    Str:  7    XL:     4   Next: 48%
Gold:   134        EV: 12    Int: 18    God:
                   SH:  0    Dex: 13

rFire   + + .      SeeInvis .   f - +0 trident
rCold   . . .      Faith    .   (no shield)
rNeg    . . .      Spirit   .   a - +1 robe
rPois   ∞          Reflect  .   m - +1 hat
rElec   .          Harm     .   (no cloak)
rCorr   .          Rampage  .   (no gloves)
Will    .....                   (boots unavailable)
Stlth   ++........              (no amulet)
HPRegen 0.10/turn               (no ring)
MPRegen 0.00/turn               n - ring of protection from cold

@: flying
A: sickness immunity, fire resistance 2, cold vulnerability 1, float, innate
caster, hp casting, extra vitality 1
a: no special abilities


You were on level 3 of the Dungeon.
You visited 1 branch of the dungeon, and saw 3 of its levels.

You collected 134 gold pieces.


Innate Abilities, Weirdness & Mutations

You are immune to sickness and miasma.
You are immune to poison.
Your flesh is very heat resistant. (rF++)
You are vulnerable to cold. (rC-)
You float through the air rather than walking.
You learn spells naturally, not from books.
Your magical power is your life essence.
You have superior vitality. (+4 HP)


   Skills:
 - Level 2.1 Dodging
 - Level 1.5 Stealth
 + Level 4.4 Spellcasting


You couldn't memorise any spells.
You knew the following spells:

 Your Spells              Type           Power      Damage    Failure   Level
c - Call Canine Familiar  Summ           20%        N/A       7%          3
x - Summon Small Mammal   Summ           80%        N/A       2%          1
y - Corona                Hex            22%        N/A       2%          1
z - Call Imp              Summ           20%        N/A       3%          2
X - Summon Lightning Spi  Summ/Air       20%        N/A       22%         4
Z - Summon Guardian Gole  Hex/Summ       20%        N/A       7%          3
Your spell library was empty.

Inventory:

Hand Weapons
 f - a +0 trident (weapon)
Missiles
 e - a throwing net {=f}
 i - 14 poisoned darts
Armour
 a - a +1 robe (worn)
 m - a +1 hat (worn)
Jewellery
 n - a ring of protection from cold (right hand)
Scrolls
 b - a scroll of enchant armour
 c - a scroll of acquirement {unknown}
 g - a scroll of fog {unknown}
 h - a scroll of fear {unknown}
 l - a scroll of identify {unknown}
Potions
 d - 2 potions of lignification {unknown}
 k - a potion of might {unknown}
Miscellaneous
 j - a piece from Xom's chessboard (15/15)

Dungeon Overview and Level Annotations

Branches:
Dungeon (3/15)

Altars:
Qazlal
Ru
Xom

Shops:
D:2

= ▒▒.▒.▒
...▒.▒ ..▒..
..▒.▒ ▒
▒▒▒▒.▒.▒ ▒
▒▒▒▒....▒.▒
▒▒▒.......▒.▒
▒▒.....5.....▒
▒.....5R...▒.▒
..▒▒▒▒†▒▒▒.▒.▒


.gg ▒.▒.▒ ▒..5. ▒.▒.▒ ▒.... ▒.▒.▒ .....[ ..▒.▒▒▒▒▒▒▒▒▒▒ ..▒▒▒▒▒ ..▒..........▒▒
.. ▒............ ▒............ You could see a gnoll sergeant (ally target), a
goblin and 3 friendly crimson imps.


Message History

Unknown command.
You hit the rat.
You kill the rat!
Your crimson imp barely misses the gnoll sergeant.
Unknown command.
You closely miss the hobgoblin.
The hobgoblin is severely wounded.
The hobgoblin hits you but does no damage.
Your crimson imp misses the hobgoblin.
Your crimson imp closely misses the gnoll sergeant.
The gnoll sergeant hits you from afar with a +5 spear of freezing.
The gnoll sergeant freezes you.
* * * LOW HITPOINT WARNING * * *
The hobgoblin hits your crimson imp.
You barely miss the hobgoblin.
The hobgoblin is severely wounded.
Your crimson imp barely misses the hobgoblin.
Your crimson imp barely misses the gnoll sergeant.
The gnoll sergeant hits you from afar with a +5 spear of freezing!
* * * LOW HITPOINT WARNING * * *
The gnoll sergeant freezes you.
* * * LOW HITPOINT WARNING * * *
The hobgoblin hits you but does no damage.
Your crimson imp hits the hobgoblin.
The hobgoblin dies!
You reach to attack!
You closely miss the gnoll sergeant.
Your crimson imp barely misses the gnoll sergeant.
The gnoll sergeant hits you from afar with a +5 spear of freezing!
You die...

Action                   |  1- 3 |  4- 6 || total
-------------------------+-------+-------++-------
Melee: Unarmed           |    48 |       ||    48
       Trident           |    68 |    41 ||   109
 Cast: Summon Small Mamm |     7 |       ||     7
       Call Imp          |    19 |     4 ||    23
  Use: Scroll            |     1 |       ||     1
 Stab: Sleeping          |     3 |     2 ||     5
Armor: Robe              |    34 |     4 ||    38
Dodge: Dodged            |    97 |    13 ||   110

Levels and vault maps discovered:
D:1:      minmay_arrival_semitransparent, layout_rooms
D:2:      layout_basic, hellmonk_ecumenical_altar_arch_garden, serial_shops,
          nicolae_shop_behind_doors, basic_altar
D:3:      minmay_recursive_quarters, layout_basic, xom_butterflies,
          nicolae_ru_awakened_eye, grunt_qazlal_clouds

Notes
Turn   | Place    | Note
-------+----------+-------------------------------------------
     0 | D:1      | sanka the Djinni Summoner began the quest for the Orb.
     0 | D:1      | Reached XP level 1. HP: 15/15 MP: 0/0
   178 | D:1      | Reached XP level 2. HP: 19/21 MP: 0/0
  1505 | D:2      | Reached XP level 3. HP: 25/25 MP: 0/0
  1505 | D:2      | Learned a level 1 spell: Corona
  1661 | D:2      | Found a faded altar of an unknown god.
  1718 | D:2      | Reached skill level 4 in Spellcasting
  2138 | D:2      | Found a sacrificial altar of Ru.
  2354 | D:2      | Found Xyaluameto's Jewellery Emporium.
  2709 | D:3      | Found a shimmering altar of Xom.
  2735 | D:3      | Reached XP level 4. HP: 25/31 MP: 0/0
  2891 | D:3      | Found a sacrificial altar of Ru.
  3023 | D:3      | Found a stormy altar of Qazlal.
  3369 | D:3      | Noticed a gnoll sergeant
  3388 | D:3      | Slain by a gnoll sergeant

Vanquished Creatures
  An adder (D:3)
  A dart slug (D:3)
  An orc (D:3)
  An endoplasm (D:3)
  A giant cockroach (D:2)
  5 hobgoblins
  5 kobolds
  2 quokkas
  5 ball pythons
  A bat (D:1)
  3 frilled lizards (D:2)
  3 goblins
  A quokka skeleton (D:3)
  4 rats
34 creatures vanquished.

Vanquished Creatures (collateral kills)
  2 adders
  A dart slug (D:1)
  2 endoplasms (D:1)
  A giant cockroach (D:1)
  3 goblins (D:1)
  3 hobgoblins
  2 ball pythons (D:1)
  3 bats (D:1)
  2 frilled lizards
  A kobold (D:1)
  6 rats (D:1)
26 creatures vanquished.

Grand Total: 60 creatures vanquished
